 Dungeon Crawl Stone Soup version 0.25.0-9-g26727b6 (webtiles) character file.

Game seed: 17502000005271301463

5975 Renzlar the Blocker (level 10, -3/84 HPs)
             Began as a Gnoll Fighter on June 20, 2020.
             Was a Follower of Okawaru.
             Slain by a two-headed ogre
             ... wielding a +0 giant spiked club
              (25 damage)
             ... on level 10 of the Dungeon.
             The game lasted 00:43:35 (9598 turns).

Renzlar the Blocker (Gnoll Fighter)                 Turns: 9598, Time: 00:43:36

Health: -3/84      AC: 18    Str: 22    XL:     10   Next: 84%
Magic:  18/18      EV:  9    Int: 10    God:    Okawaru [*.....]
Gold:   521        SH: 12    Dex: 17    Spells: 20/20 levels left

rFire    . . .     SeeInvis +   c - +0 hunting sling (vorpal)
rCold    . . .     Gourm    .   i - +0 kite shield
rNeg     . . .     Faith    .   Q - +0 plate armour
rPois    .         Spirit   .   e - +2 hat
rElec    .         Reflect  .   K - scarf {+Inv}
rCorr    .         Harm     .   u - +0 pair of gloves
MR       .....                  (no boots)
Stlth    ..........             (no amulet)
HPRegen  0.24/turn              L - ring of see invisible
MPRegen  0.16/turn              (no ring)

@: no status effects
A: distributed training, fangs 1, rugged brown scales 1, agile 1, sturdy frame
1, strong nose
a: Heroism, Renounce Religion, Evoke Invisibility


You were on level 10 of the Dungeon.
You worshipped Okawaru.
Okawaru was aware of your devotion.
You were not hungry.

You visited 2 branches of the dungeon, and saw 11 of its levels.

You collected 521 gold pieces.

Inventory:

Hand Weapons
 a - a +4 war axe of draining
 b - the +1 trident "Bowis Poa" {flame, rPois rC+ Int+4 Dex+3}
   (You found it on level 7 of the Dungeon)

   It has been specially enchanted to burn those struck by it, causing extra
   injury to most foes and up to half again as much damage against particularly
   susceptible opponents.
   It affects your intelligence (+4).
   It affects your dexterity (+3).
   It protects you from cold.
   It protects you from poison.
 c - a +0 vorpal hunting sling (weapon)
 d - a +0 morningstar
 G - a +5 long sword
Missiles
 h - 208 stones (quivered)
 j - 119 bolts
 y - 21 poisoned darts
 B - 4 curare-tipped darts
Armour
 e - a +2 hat (worn)
 i - a +0 kite shield (worn)
 q - a +2 scale mail of poison resistance
 u - a +0 pair of gloves (worn)
 w - a +0 chain mail
 K - a scarf of invisibility (worn)
 Q - a +0 plate armour (worn)
Jewellery
 m - an uncursed ring of fire
 A - an uncursed ring of wizardry
 F - a cursed ring of attention {unknown}
 L - a ring of see invisible (left hand)
Wands
 D - a wand of enslavement (3)
 E - a wand of flame (29)
Scrolls
 k - 2 scrolls of amnesia
 n - a scroll of magic mapping
 o - 4 scrolls of enchant weapon
 p - 2 scrolls of enchant armour
 t - 4 scrolls of teleportation
 P - a scroll of remove curse
Potions
 g - 2 potions of degeneration {unknown}
 r - a potion of magic {unknown}
 s - 3 potions of heal wounds
 v - a potion of berserk rage {unknown}
 x - 2 potions of stabbing {unknown}
 z - 2 potions of curing {unknown}
 H - a potion of cancellation
 M - 2 potions of might
 O - a potion of haste {unknown}
Comestibles
 f - 16 rations


   Skills:
 + Level 8.7 Fighting
 + Level 5.5 Short Blades
 + Level 5.5 Long Blades
 + Level 7.3 Axes
 + Level 5.5 Maces & Flails
 + Level 5.5 Polearms
 + Level 5.5 Staves
 + Level 5.5 Slings
 + Level 5.5 Bows
 + Level 5.5 Crossbows
 + Level 5.5 Throwing
 + Level 8.7 Armour
 + Level 5.5 Dodging
 + Level 5.5 Stealth
 + Level 8.7 Shields
 + Level 5.5 Unarmed Combat
 + Level 5.5 Spellcasting
 + Level 4.6 Conjurations
 + Level 4.6 Hexes
 + Level 4.6 Charms
 + Level 4.6 Summonings
 + Level 4.6 Necromancy
 + Level 4.6 Translocations
 + Level 4.6 Transmutations
 + Level 4.6 Fire Magic
 + Level 4.6 Ice Magic
 + Level 4.6 Air Magic
 + Level 4.6 Earth Magic
 + Level 4.6 Poison Magic
 + Level 6.1 Invocations
 + Level 5.5 Evocations


You had 20 spell levels left.
You didn't know any spells.
Your spell library contained the following spells:

 Spells                   Type           Power        Failure   Level  Hunger
 Animate Skeleton         Necr           N/A          54%         1    None
 Apportation              Tloc           ##....       54%         1    None
 Corona                   Hex            ##.....      54%         1    None
 Infusion                 Chrm           ##..         54%         1    None
 Shock                    Conj/Air       ##..         54%         1    None
 Summon Small Mammal      Summ           ##..         54%         1    None
 Shroud of Golubria       Chrm/Tloc      ##....       67%         2    ##.....
 Song of Slaying          Chrm           ##......     67%         2    ##.....
 Swiftness                Chrm/Air       ##......     67%         2    ##.....
 Ozocubu's Armour         Chrm/Ice       ##......     88%         3    ###....
 Spectral Weapon          Hex/Chrm       ##......     88%         3    ###....
 Static Discharge         Conj/Air       ##......     88%         3    ###....
 Airstrike                Air            ##........   99%         4    ####...
 Lightning Bolt           Conj/Air       ##........   100%        5    ######.


Dungeon Overview and Level Annotations

Branches:
Dungeon (10/15)            Temple (1/1) D:6             Orc (0/2) D:9
   Lair: D:8-11

Altars:
Ashenzari
Cheibriados
Dithmenos
Elyvilon
Fedhas
Gozag
Hepliaklqana
Kikubaaqudgha
Makhleb
Nemelex Xobeh
Okawaru
Qazlal
Ru
Sif Muna
Trog
Uskayaw
Vehumet
Wu Jian
Xom
Yredelemnul
Zin
The Shining One

Shops:
D:4 [


Innate Abilities, Weirdness & Mutations

Your experience applies equally to all skills.
You have very sharp teeth.
Your uncanny sense of smell can sniff out nearby items.
You are partially covered in rugged brown scales. (AC +1, +3% HP)
You are agile. (Dex +2)
Your movements are slightly less encumbered by armour. (ER -2)


Message History

You start resting.
An adder comes into view.
You are too injured to fight recklessly!
Firing (i - inventory. (/) - cycle)
h - 210 stones (quivered)
Press: ? - help, Shift-Dir - straight line, f - adder
Aim: an adder (wandering, hasn't noticed you)
You shoot a stone. The adder hisses angrily.
The stone hits the adder!
The adder is severely wounded.
You hear two shouts!
Firing (i - inventory. (/) - cycle)
h - 209 stones (quivered)
Press: ? - help, Shift-Dir - straight line, f/p - adder
Aim: an adder (severely wounded)
You shoot a stone. The stone hits the adder!
You kill the adder!
Okawaru accepts your kill.
A two-headed ogre comes into view.
It is wielding two +0 giant spiked clubs.
The two-headed ogre hits you with a +0 giant spiked club!!
You die...

∆#.# #.#
....... #.#
....... #.#
....... #.#
.....(. #.#
....... #.#
.(.....
#.###(......
#...@.......
#.###O(.....
### ..(!...
..####. #.#
.. .## .#


You could see a two-headed ogre.

Vanquished Creatures
  A two-headed ogre (D:8)
  A gargoyle (D:10)
  6 orc warriors
  2 trolls
  A hornet (D:7)
  Prince Ribbit (D:6)
  A hippogriff (D:7)
  A spriggan (D:7)
  A hornet zombie (D:6)
  3 slaves (D:8)
  2 sky beasts
  A necrophage (D:9)
  A phantom (D:5)
  4 ogres
  3 centaurs
  Blork the orc (D:8)
  4 bullfrogs
  A gnoll sergeant (D:8)
  2 scorpions (D:8)
  4 wights (D:8)
  A howler monkey (D:4)
  2 crimson imps
  A centaur zombie (D:8)
  7 orc priests
  A hound (D:6)
  A gnoll shaman (D:4)
  Ijyb (D:4)
  3 iguanas
  Terence (D:2)
  5 worker ants
  15 orc wizards
  A hound zombie (D:9)
  2 hound skeletons
  A worker ant zombie (D:7)
  8 gnolls
  5 adders
  3 shadow imps (D:6)
  2 oozes
  2 adder skeletons
  2 worms
  2 dart slugs
  7 leopard geckos
  63 orcs
  4 ball pythons
  6 bats
  4 giant cockroaches
  6 hobgoblins
  9 jackals
  3 quokkas
  6 frilled lizards
  5 goblins
  3 jackal skeletons
  4 kobolds
  A leopard gecko skeleton (D:7)
  A quokka skeleton (D:7)
  5 rats
234 creatures vanquished.

Vanquished Creatures (collateral kills)
  Pikel (D:8)
  A howler monkey zombie (D:8)
  3 orcs (D:8)
  A leopard gecko skeleton (D:8)
6 creatures vanquished.

Vanquished Creatures (others)
  A crimson imp (D:8)
  An orc (D:8)
2 creatures vanquished.

Grand Total: 242 creatures vanquished

Notes
Turn   | Place    | Note
-------+----------+-------------------------------------------
     0 | D:1      | Renzlar the Gnoll Fighter began the quest for the Orb.
     0 | D:1      | Reached XP level 1. HP: 23/23 MP: 1/1
   109 | D:1      | Reached XP level 2. HP: 29/29 MP: 2/2
   347 | D:1      | Reached XP level 3. HP: 35/35 MP: 3/3
   669 | D:2      | Noticed Terence
   680 | D:2      | Killed Terence
   680 | D:2      | Reached skill level 1 in Short Blades
   680 | D:2      | Reached skill level 1 in Long Blades
   680 | D:2      | Reached skill level 1 in Maces & Flails
   680 | D:2      | Reached skill level 1 in Polearms
   680 | D:2      | Reached skill level 1 in Staves
   680 | D:2      | Reached skill level 1 in Slings
   680 | D:2      | Reached skill level 1 in Bows
   680 | D:2      | Reached skill level 1 in Crossbows
   680 | D:2      | Reached skill level 1 in Throwing
   680 | D:2      | Reached skill level 1 in Dodging
   680 | D:2      | Reached skill level 1 in Stealth
   680 | D:2      | Reached skill level 1 in Unarmed Combat
   680 | D:2      | Reached skill level 1 in Spellcasting
   680 | D:2      | Reached skill level 1 in Invocations
   680 | D:2      | Reached skill level 1 in Evocations
   749 | D:2      | Reached XP level 4. HP: 40/41 MP: 5/5
   832 | D:2      | Found an ornate altar of the Wu Jian Council.
   907 | D:2      | Found a sparkling altar of Nemelex Xobeh.
   994 | D:2      | Found a radiant altar of Vehumet.
  1459 | D:3      | Reached skill level 1 in Conjurations
  1459 | D:3      | Reached skill level 1 in Hexes
  1459 | D:3      | Reached skill level 1 in Charms
  1459 | D:3      | Reached skill level 1 in Summonings
  1459 | D:3      | Reached skill level 1 in Necromancy
  1459 | D:3      | Reached skill level 1 in Translocations
  1459 | D:3      | Reached skill level 1 in Transmutations
  1459 | D:3      | Reached skill level 1 in Fire Magic
  1459 | D:3      | Reached skill level 1 in Ice Magic
  1459 | D:3      | Reached skill level 1 in Air Magic
  1459 | D:3      | Reached skill level 1 in Earth Magic
  1459 | D:3      | Reached skill level 1 in Poison Magic
  1486 | D:3      | Reached XP level 5. HP: 7/47 MP: 5/7
  1982 | D:3      | Reached XP level 6. HP: 52/53 MP: 8/8
  2479 | D:3      | Reached skill level 5 in Axes
  2668 | D:3      | Found a bloodstained altar of Trog.
  2668 | D:3      | Found a hazy altar of Hepliaklqana.
  3082 | D:4      | Found a white marble altar of Elyvilon.
  3110 | D:4      | Reached XP level 7. HP: 59/59 MP: 10/10
  3322 | D:4      | Found Morris's Antique Armour Boutique.
  3520 | D:4      | Noticed Ijyb
  3529 | D:4      | Killed Ijyb
  3561 | D:4      | Gained mutation: You do not regenerate when monsters are
                  | visible. [potion of mutation]
  3561 | D:4      | Gained mutation: You are partially covered in rugged brown
                  | scales. (AC +1, +3% HP) [potion of mutation]
  3562 | D:4      | Lost mutation: You are partially covered in rugged brown
                  | scales. (AC +1, +3% HP) [potion of mutation]
  3562 | D:4      | Lost mutation: You do not regenerate when monsters are
                  | visible. [potion of mutation]
  3562 | D:4      | Gained mutation: You are partially covered in rugged brown
                  | scales. (AC +1, +3% HP) [potion of mutation]
  3562 | D:4      | Gained mutation: Your movements are slightly less
                  | encumbered by armour. (ER -2) [potion of mutation]
  3562 | D:4      | Gained mutation: You are agile. (Dex +2) [potion of
                  | mutation]
  3925 | D:5      | Entered Level 5 of the Dungeon
  4004 | D:5      | Found a shadowy altar of Dithmenos.
  4107 | D:5      | You fall into a shaft and drop 3 floors!
  4110 | D:8      | Noticed a two-headed ogre
  4142 | D:8      | Reached XP level 8. HP: 59/69 MP: 10/12
  4340 | D:8      | Noticed Pikel
  4391 | D:8      | Killed Pikel
  4413 | D:8      | Reached XP level 9. HP: 61/74 MP: 14/14
  4421 | D:8      | Noticed Blork the orc
  4437 | D:8      | Killed Blork the orc
  4542 | D:8      | Killed a two-headed ogre
  4817 | D:7      | Got a warped trident
  4818 | D:7      | Identified the cursed +1 trident "Bowis Poa" {flame, rPois
                  | rC+ Int+4 Dex+3} (You found it on level 7 of the Dungeon)
  4885 | D:7      | Noticed a hornet
  4906 | D:7      | Killed a hornet
  5364 | D:7      | Reached skill level 5 in Invocations
  6127 | D:6      | Found a staircase to the Ecumenical Temple.
  6136 | Temple   | Entered the Ecumenical Temple
  6549 | D:6      | Noticed Prince Ribbit
  6562 | D:6      | Killed Prince Ribbit
  6562 | D:6      | Reached XP level 10. HP: 76/82 MP: 17/17
  7174 | D:6      | Found an iron altar of Okawaru.
  7181 | D:6      | Became a worshipper of Warmaster Okawaru
  7208 | D:6      | Found a sacrificial altar of Ru.
  7225 | D:6      | Reached skill level 5 in Short Blades
  7225 | D:6      | Reached skill level 5 in Long Blades
  7225 | D:6      | Reached skill level 5 in Maces & Flails
  7225 | D:6      | Reached skill level 5 in Polearms
  7225 | D:6      | Reached skill level 5 in Staves
  7225 | D:6      | Reached skill level 5 in Slings
  7225 | D:6      | Reached skill level 5 in Bows
  7225 | D:6      | Reached skill level 5 in Crossbows
  7225 | D:6      | Reached skill level 5 in Throwing
  7225 | D:6      | Reached skill level 5 in Dodging
  7225 | D:6      | Reached skill level 5 in Stealth
  7225 | D:6      | Reached skill level 5 in Unarmed Combat
  7225 | D:6      | Reached skill level 5 in Spellcasting
  7225 | D:6      | Reached skill level 5 in Evocations
  7714 | D:5      | Found a shattered altar of Ashenzari.
  7828 | D:5      | Found a sparkling altar of Nemelex Xobeh.
  7834 | D:5      | Found a shimmering blue altar of Sif Muna.
  7834 | D:5      | Found an opulent altar of Gozag.
  7834 | D:5      | Found a basalt altar of Yredelemnul.
  7837 | D:5      | Found a sacrificial altar of Ru.
  7838 | D:5      | Found an ancient bone altar of Kikubaaqudgha.
  8362 | D:9      | Reached * piety under Okawaru
  9370 | D:9      | Found a staircase to the Orcish Mines.
  9407 | D:10     | Entered Level 10 of the Dungeon
  9532 | D:10     | Noticed a gargoyle
  9555 | D:10     | Killed a gargoyle
  9598 | D:10     | Noticed a two-headed ogre
  9598 | D:10     | Slain by a two-headed ogre

Illustrated notes

Levels and vault maps discovered:
D:1:      mrwooster_arrival_statue, layout_rooms
D:2:      layout_loops_cross, vehumet_crystals, lemuel_doored_altar,
          lemuel_statue_altar, uniq_terence
D:3:      layout_basic, grunt_temple_overflow_open
D:4:      layout_basic, overflow_temple_1_default, serial_shops,
          nicolae_shop_overgrown_old_shop, chequers_serial_rivers_micro_e,
          uniq_ijyb
D:5:      layout_loops_ring, grunt_dithmenos_shadows, minitemple, first_ration,
          ashenzari_altar_1
D:6:      layout_basic, lemuel_round_altar,
          minmay_temple_entry_statues_fountains, basic_altar,
          kennysheep_generic_room_16, uniq_prince_ribbit1
D:7:      layout_layer_cave, the_bakery
D:8:      layout_rooms, sword_in_stone, uniq_pikel
D:9:      layout_roguey, hiddenorc1_lemuel
D:10:     layout_basic, serial_shops, shop
Temple:   nicolae_temple_figure_zero

Skill      XL: |  1  2  3  4  5  6  7  8  9 10 |
---------------+-------------------------------+-----
Short Blades   | 1 2 3 4 5 |  5.5
Long Blades    | 1 2 3 4 5 |  5.5
Maces & Flails | 1 2 3 4 5 |  5.5
Polearms       | 1 2 3 4 5 |  5.5
Staves         | 1 2 3 4 5 |  5.5
Slings         | 1 2 3 4 5 |  5.5
Bows           | 1 2 3 4 5 |  5.5
Crossbows      | 1 2 3 4 5 |  5.5
Throwing       | 1 2 3 4 5 |  5.5
Dodging        | 1 2 3 4 5 |  5.5
Stealth        | 1 2 3 4 5 |  5.5
Unarmed Combat | 1 2 3 4 5 |  5.5
Spellcasting   | 1 2 3 4 5 |  5.5
Invocations    | 1 2 3 4 5 6 |  6.1
Evocations     | 1 2 3 4 5 |  5.5
Conjurations   | 1 2 3 4 |  4.6
Hexes          | 1 2 3 4 |  4.6
Charms         | 1 2 3 4 |  4.6
Summonings     | 1 2 3 4 |  4.6
Necromancy     | 1 2 3 4 |  4.6
Translocations | 1 2 3 4 |  4.6
Transmutations | 1 2 3 4 |  4.6
Fire Magic     | 1 2 3 4 |  4.6
Ice Magic      | 1 2 3 4 |  4.6
Air Magic      | 1 2 3 4 |  4.6
Earth Magic    | 1 2 3 4 |  4.6
Poison Magic   | 1 2 3 4 |  4.6
Axes           | 5 6 7 |  7.3
Fighting       | 7 8 |  8.7
Armour         | 7 8 |  8.7
Shields        | 7 8 |  8.7

Action                   |  1- 3 |  4- 6 |  7- 9 | 10-12 || total
-------------------------+-------+-------+-------+-------++-------
Melee: War axe           |    47 |    90 |   166 |   147 ||   450
       Bite              |     2 |    21 |    32 |    20 ||    75
       Morningstar       |       |    38 |       |       ||    38
       Trident           |       |       |    26 |    16 ||    42
       Long sword        |       |       |       |    14 ||    14
 Fire: Hunting sling     |    25 |   108 |    76 |   126 ||   335
Throw: Stone             |     2 |       |       |       ||     2
       Dart              |       |       |     9 |       ||     9
Invok: Heroism           |       |       |       |     1 ||     1
Evoke: Wand              |       |       |     1 |       ||     1
  Use: Scroll            |       |       |    13 |     9 ||    22
       Potion            |       |       |     4 |       ||     4
 Stab: Sleeping          |       |       |     2 |       ||     2
  Eat: Chunk             |       |     7 |     8 |     9 ||    24
       Ration            |       |       |     1 |       ||     1
Armor: Scale mail        |    19 |    59 |    57 |     7 ||   142
       Plate armour      |       |       |       |    62 ||    62
Dodge: Dodged            |    17 |    51 |    75 |    57 ||   200
Block: Kite shield       |    27 |    59 |   117 |    89 ||   292
